Map: Battle on the Boardwalk LE

Players

Senwyn - Winner!

  • Race: Zerg Zerg
  • League: Platinum
  • Spawn Location: 11:00

RöiMiäs

  • Race: Terran Terran
  • Spawn Location: 1:00

VOD

Have the link to the VOD?

Description

Time

  • Played on: Jan. 10, 2018, 3:50 a.m.
  • Length: 23:12
Show
View Real Time Build Order
Export as new Build Order

Senwyn Zerg - Winner!

Build Orders: Pool First 

Get SALT Encoding   

  12  0:18  Spawning Pool  
  11  0:22  Drone  
  11  0:27  Drone  
  13  0:30  Drone  
  14  0:35  Extractor  
  14  0:39  Drone  
  14  0:44  Extractor  
  14  0:48  Drone  
  14  1:08  Roach Warren  
  13  1:12  Zergling x2  
  14  1:19  Overlord  
  14  1:26  Overlord  
  14  1:48  Roach  
  14  1:49  Roach  
  14  1:52  Roach  
  20  2:07  Roach  
  22  2:13  Roach  
  23  2:18  Ravager  
  23  2:21  Ravager  
  25  2:24  Ravager  
  26  2:46  Roach  
  26  2:47  Roach  
  22  4:15  Roach x2  
  19  4:44  Roach  
  18  5:00  Roach  
  20  5:11  Roach  
  22  5:35  Roach x3  
  28  6:01  Roach  
  30  6:31  Drone  
  30  7:20  Overlord  
  30  7:32  Hatchery  
  29  7:38  Queen  
  31  7:48  Drone x3  
  34  8:09  Drone  
  34  8:11  Drone  
  36  8:14  Metabolic Boost  
  36  8:21  Baneling Nest  
  36  8:23  Drone  
  20  9:19  Drone x2  
  20  9:20  Drone x6  
  26  9:29  Queen  
  26  9:31  Queen  
  28  9:36  Drone x2  
  32  9:49  Drone x2  
  34  10:02  Drone, Spine Crawler  
  34  10:03  Spine Crawler  
  33  10:14  Drone  
  34  10:27  Queen  
  36  10:30  Spore Crawler  
  36  10:32  Spore Crawler  
  36  10:35  Drone x2  
  36  10:38  Spine Crawler  
  36  10:39  Drone  
  36  10:40  Drone x2  
  36  10:42  Queen  
  40  10:45  Drone  
  41  11:03  Drone  
  42  11:13  Overlord  
  42  11:36  Roach  
  44  11:41  Extractor  
  44  11:42  Extractor  
  44  11:43  Spine Crawler  
  44  11:46  Spine Crawler  
  40  11:47  Spine Crawler  
  39  12:08  Drone x4  
  40  12:09  Drone  
  42  12:41  Overlord x2  
  42  12:50  Overlord  
  42  12:58  Evolution Chamber, Lair  
  42  13:00  Overlord, Evolution Chamber  
  42  13:03  Roach x5  
  42  13:04  Roach x5  
  60  13:09  Overlord x2  
  60  13:10  Zergling x10  
  63  13:29  Roach x5  
  63  13:31  Roach  
  63  13:32  Baneling  
  63  13:33  Baneling x8  
  63  13:34  Baneling  
  75  13:35  Roach  
  75  13:38  Zerg Ground Armor Level 1, Zerg Missile Weapons Level 1  
  77  13:54  Roach x3  
  77  13:55  Roach x4  
  80  14:18  Roach  
  80  14:19  Roach x5  
  84  14:34  Roach x4  
  88  15:14  Zergling x4  
  88  15:15  Zergling x4  
  86  15:30  Roach x4  
  86  15:33  Roach  
  90  15:49  Roach  
  92  16:00  Baneling x2  
  92  16:01  Baneling x6  
  88  16:21  Roach x2  
  90  16:32  Roach  
  61  17:24  Roach x7  
  61  17:25  Roach x5  
  81  17:40  Hatchery  
  80  17:50  Zerg Missile Weapons Level 2  
  80  17:51  Zerg Ground Armor Level 2  
  80  18:00  Hydralisk Den  
  78  18:22  Overlord x2, Drone x4  
  82  18:48  Roach x5  
  83  19:16  Drone x2  
  83  19:17  Drone x8  
  84  19:18  Drone  
  90  19:27  Drone x2  
  92  19:32  Drone  
  93  19:58  Drone x4  
  93  19:59  Drone x6  
  103  20:05  Spore Crawler  
  102  20:10  Extractor  
  101  20:14  Extractor  
  100  20:26  Spore Crawler  
  99  20:30  Hydralisk x2, Drone  
  104  20:47  Spine Crawler  
  104  20:48  Spine Crawler  
  102  21:18  Hydralisk x2  
  102  21:21  Overlord x4  
  102  21:25  Burrow  
  106  21:35  Spire  
  106  21:37  Infestation Pit  
  106  21:38  Drone x2  
  106  21:39  Drone x4  
  110  21:40  Drone  
  111  21:59  Hydralisk x5  
  105  22:23  Hydralisk x6  
  117  22:38  Hydralisk x3  
  122  22:44  Overseer  
  122  22:47  Overseer  
Show
View Real Time Build Order
Export as new Build Order

RöiMiäs Terran 

Build Orders: Cyclone Opening, Reaper Expand 

Get SALT Encoding   

  12  0:01  SCV  
  13  0:13  SCV  
  14  0:19  Supply Depot  
  14  0:25  SCV  
  15  0:41  SCV, Barracks  
  16  0:45  Refinery  
  16  0:55  SCV  
  17  1:07  SCV  
  18  1:19  SCV  
  19  1:30  Reaper  
  20  1:35  Orbital Command  
  20  1:42  Command Center  
  20  2:02  SCV  
  20  2:08  Supply Depot  
  20  2:10  Factory  
  20  2:15  Marine  
  21  2:16  SCV  
  22  2:28  SCV  
  23  2:48  SCV, Bunker  
  24  2:57  Cyclone  
  27  3:00  SCV  
  27  3:03  Marine  
  28  3:08  Command Center  
  28  3:12  SCV  
  28  3:14  Refinery  
  26  3:21  Supply Depot  
  24  3:52  Cyclone  
  21  3:56  SCV  
  16  4:08  SCV  
  11  4:20  SCV  
  11  4:37  Marine  
  6  4:47  Hellion  
  6  4:50  Orbital Command  
  8  4:55  Marine  
  8  5:00  SCV  
  9  5:09  Bunker  
  9  5:12  SCV  
  10  5:24  SCV  
  6  5:46  SCV x2  
  6  5:49  Hellion  
  9  5:55  Marine  
  8  6:13  Marine, Barracks  
  9  6:20  SCV  
  4  6:40  SCV  
  4  6:44  Barracks  
  4  6:54  SCV  
  5  7:12  Bunker  
  5  7:18  Bunker  
  5  7:19  Marine  
  5  7:20  SCV  
  9  7:23  Widow Mine  
  9  7:32  SCV  
  10  7:40  Marine x2  
  12  7:44  SCV  
  13  7:56  SCV  
  14  8:02  Marine x2  
  16  8:05  Refinery  
  16  8:08  SCV  
  17  8:20  SCV  
  17  8:25  Orbital Command  
  18  8:33  SCV  
  19  8:45  SCV  
  18  8:56  SCV  
  18  9:06  SCV  
  18  9:09  SCV  
  17  9:18  Marine x2  
  19  9:26  SCV  
  19  9:27  SCV  
  21  9:31  Cyclone  
  24  9:42  Marine x2  
  24  9:43  SCV  
  24  9:44  SCV  
  28  9:57  SCV  
  29  10:03  SCV  
  29  10:05  Command Center  
  29  10:06  Refinery  
  30  10:12  Supply Depot  
  30  10:13  Supply Depot  
  30  10:17  Barracks Tech Lab  
  30  10:33  Marine, SCV  
  30  10:34  SCV  
  33  10:36  Cyclone  
  36  10:44  Marine  
  36  10:46  SCV x2  
  39  10:52  Marine  
  40  10:58  SCV x2  
  40  11:02  Marine  
  40  11:03  Refinery  
  43  11:10  Marine  
  44  11:15  SCV  
  44  11:16  SCV, Cyclone  
  49  11:20  Marine  
  49  11:21  Engineering Bay  
  50  11:28  SCV x2  
  50  11:30  Marine  
  53  11:38  Marine  
  54  11:40  SCV x2  
  56  11:48  Marine x2  
  56  11:50  Stimpack  
  56  11:52  SCV x2  
  56  11:53  Starport  
  60  11:55  Marine  
  60  11:59  Barracks  
  60  12:00  Barracks  
  61  12:04  SCV x2  
  60  12:09  Marine  
  60  12:12  Factory Tech Lab  
  61  12:32  Supply Depot  
  61  12:33  Supply Depot  
  61  12:37  Liberator  
  61  12:51  Supply Depot  
  61  12:54  Marine, SCV x2  
  61  12:57  Supply Depot  
  61  12:58  Supply Depot  
  67  13:00  Missile Turret  
  67  13:06  SCV x2  
  67  13:10  Siege Tank  
  72  13:19  Planetary Fortress  
  72  13:23  Marine x3  
  72  13:24  Marine x2  
  75  13:33  Supply Depot  
  75  13:45  Supply Depot  
  75  13:50  Combat Shields  
  75  13:52  Marine x4, Siege Tank  
  75  13:53  Marine  
  83  13:58  SCV x2  
  83  13:59  SCV  
  86  14:04  Terran Infantry Weapons Level 1  
  86  14:05  Refinery  
  86  14:08  Barracks  
  85  14:10  Marine  
  66  14:30  Marine x2  
  66  14:31  Marine x3  
  64  14:32  Siege Tank  
  64  14:33  SCV x2  
  64  14:34  SCV  
  71  14:45  Command Center  
  71  14:48  Marine  
  72  14:54  Marine x3  
  72  14:55  Marine  
  72  14:57  SCV x3  
  79  15:06  Missile Turret x2  
  79  15:07  Marine  
  79  15:12  Marine x2  
  75  15:25  Marine x3, Liberator  
  75  15:27  Siege Tank  
  73  15:33  Bunker  
  65  15:56  SCV x2  
  64  16:01  Barracks  
  64  16:02  Barracks  
  55  16:08  Liberator  
  36  16:34  Marine x3  
  33  16:50  SCV x2  
  33  16:52  Marine x3  
  31  16:59  Marauder  
  31  17:02  SCV  
  31  17:04  Liberator  
  32  17:15  SCV  
  32  17:21  Orbital Command  
  33  17:27  SCV  
  32  17:31  Marine x2, Marauder  
  32  17:33  Siege Tank  
  39  17:39  SCV  
  39  17:43  Terran Infantry Armor Level 1  
  40  17:45  Marine x2  
  40  17:47  SCV  
  40  17:49  Marine  
  40  17:50  SCV  
  45  18:02  Marine  
  45  18:03  Marine  
  47  18:15  Marine x2  
  46  18:24  Marine x2  
  46  18:25  SCV x2  
  50  18:57  Marine x3  
  50  19:00  Orbital Command  
  53  19:12  Liberator  
  52  19:18  Marine x3  
  52  19:22  SCV x2  
  53  19:25  Barracks Tech Lab x2  
  56  19:34  SCV x2  
  57  19:41  Factory  
  57  19:43  Factory  
  56  19:51  Marine x2  
  56  19:52  Marine  
  58  19:53  Concussive Shells  
  58  20:02  Command Center, Armory  
  58  20:09  Marine x3, Marauder x2  
  58  20:12  Ghost Academy  
  65  20:21  SCV  
  66  20:33  SCV  
  67  20:42  Marine x3  
  69  20:46  Liberator  
  69  20:48  Refinery, Ghost x2  
  69  20:49  Refinery  
  74  20:50  Nuke  
  74  20:53  Ghost Academy, SCV x2  
  76  21:00  Marine x3  
  80  21:11  Supply Depot  
  79  21:16  Ghost x2  
  83  21:26  Marine x2  
  83  21:27  Marine  
  83  21:29  Liberator  
  86  21:45  Ghost x2  
  92  21:58  Command Center  
  92  21:59  Nuke  
  68  22:49  Marine x3  
Tags
 
Add a new tag
Caveats
  • Supply blocks, unpowered buildings, or Contaminate may cause inaccurate times.
  • Supply counts are checked every 10 seconds.